 Dungeon Crawl Stone Soup version 0.30-a0-778-g2ef04afb54 (webtiles) character file.

Game seed: 1044636493862019858

182 omnomnOMINOUS the Cudgeller (level 5, -6/34 HPs)
             Began as an Octopode Wanderer on Feb 15, 2023.
             Was a Follower of Ru.
             Mangled by an iguana (12 damage)
             ... on level 4 of the Dungeon.
             The game lasted 00:04:33 (2995 turns).

omnomnOMINOUS the Cudgeller (Octopode Wanderer)     Turns: 2995, Time: 00:04:34

Health: -6/34      AC:  1    Str: 11    XL:     5   Next: 61%
Magic:  8/8        EV: 13    Int: 16    God:    Ru [*.....]
Gold:   167        SH:  0    Dex: 12    Spells: 7/8 levels left

rFire   . . .      SeeInvis .    a - +0 flail
rCold   . . .      Faith    .    (no shield)
rNeg    . . .      Spirit   .    b - +0 hat
rPois   .          Reflect  .    (no amulet)
rElec   .          Harm     .    p - ring of willpower
rCorr   +          Rampage  .    v - ring of resist corrosion
Will    +....                    (no ring)
Stlth   +++                      (no ring)
HPRegen 0.25/turn                (no ring)
MPRegen 0.11/turn                (no ring)
                                 (no ring)
                                 (no ring)

@: about to teleport
A: almost no armour, amphibious, 8 rings, camouflage 1, gelatinous body 1, no
air magic, no conjurations magic, no transmutations magic, (nimble swimmer 1),
tentacles
a: Renounce Religion


You were on level 4 of the Dungeon.
You worshipped Ru.
Ru was aware of your devotion.
You visited 1 branch of the dungeon, and saw 4 of its levels.

You collected 167 gold pieces.

Inventory:

Hand Weapons
 a - a +0 flail (weapon)
Missiles
 j - 3 atropa-tipped darts
 r - a throwing net
 u - 3 poisoned darts
Armour
 b - a +0 hat (worn)
Magical Staves
 i - a staff of death
Jewellery
 p - a ring of willpower (left tentacle)
 v - a ring of resist corrosion (right tentacle)
Scrolls
 c - 5 scrolls of summoning
 d - a scroll of immolation {unknown}
 f - a scroll of blinking {unknown}
 g - 2 scrolls of enchant weapon {unknown}
 h - a scroll of fear {unknown}
 k - 2 scrolls of torment {unknown}
 m - 3 scrolls of identify {unknown}
 n - 5 scrolls of teleportation
 x - a scroll of enchant armour {unknown}
 y - a scroll of magic mapping {unknown}
 z - a scroll of silence {unknown}
Potions
 e - a potion of lignification {unknown}
 l - a potion of attraction {unknown}
 o - 3 potions of curing
 q - a potion of ambrosia {unknown}
 s - 2 potions of flight {unknown}
 t - a potion of cancellation {unknown}
 w - a potion of degeneration {unknown}


   Skills:
 + Level 2.2 Fighting
 + Level 4.7 Maces & Flails
 + Level 2.5 Dodging
 - Level 1.3 Stealth
 + Level 2.4 Spellcasting
   Level 0.0 Conjurations
 - Level 2.0 Fire Magic
 - Level 1.0 Invocations


You had 7 spell levels left.
You knew the following spells:

 Your Spells              Type           Power      Damage    Failure   Level
a - Foxfire               Conj/Fire      20%        2x1d5     13%         1

Your spell library contained the following spells:

 Spells                   Type           Power      Damage    Failure   Level
 Kindle Blastsparks       Fire/Tloc/Air  Unusable   2d10      N/A         3

Dungeon Overview and Level Annotations

Branches:
Dungeon (4/15)
 Temple: D:4-7

Altars:
Nemelex Xobeh
Qazlal
Ru

Shops:
D:3 [


Innate Abilities, Weirdness & Mutations

You cannot wear most types of armour.
You are amphibious.
You can wear up to eight rings at the same time.
Your skin changes colour to match your surroundings (Stealth+).
Your rubbery body absorbs attacks. (AC +1, EV +1)
You cannot study or cast Air magic.
You cannot study or cast Conjurations magic.
You cannot study or cast Transmutations magic.
((You are camouflaged when in or above water. (Stealth+)))
You have tentacles for arms and can constrict up to eight enemies at once.


Message History

The ball python misses you.
You closely miss the ball python. Your grab misses the ball python.
You squeeze the ball python.
You kill the ball python!
No target in view!
You see here a ball python corpse.
You see here a ball python corpse.
You see here a book of the Sky.
You open the door.
A gnoll comes into view. It is wielding a +0 halberd.
The gnoll shouts!
You hear a shout! x2
The gnoll moves out of view.
You hear an angry hiss.
Found 18 gold pieces.
Found a sparkling altar of Nemelex Xobeh.
An iguana and 2 gnolls come into view.
The gnoll shouts!
The iguana moves out of view.
There are monsters nearby!
There are monsters nearby!
There are monsters nearby!
You hit the gnoll but do no damage. You grab the gnoll.
You constrict the gnoll. The gnoll barely misses you.
The gnoll struggles to escape constriction.
The gnoll escapes!
The gnoll hits you from afar with a +0 halberd!
A gnoll comes into view. It is wielding a +0 club.
The gnoll hits you with a +0 halberd. The gnoll misses you.
The iguana barely misses you.
There is an open door, spattered with blood here.
You are too injured to fight recklessly!
Okay, then.
It was a potion of curing.
You feel better. The iguana bites you! The gnoll misses you.
The gnoll hits you with a +0 flail!
* * * LOW HITPOINT WARNING * * *
The gnoll barely misses you.
As you read the scroll labelled ANILYUQADA, it crumbles to dust.
You feel strangely unstable.
It was a scroll of teleportation.
The gnoll closely misses you. x2; The iguana bites you!
You die...

.########.
.#..####...#..##.##
.# ##
##.........#.##.##
.# #..####...#.#..#
.# #..####..)#..###
.# #.........#†.#
.# # ##:#####...###
.# #.###.# ##.## .#
#..g..# #.# .#
####@## #.# .#
+...glg.+ ..# .#
#.≈$g.≈.# ..#
#§§._.≈.# ##.#
#.≈...§.# #.#
+§......+ ..#
####+####


You could see an iguana and 4 gnolls.

Vanquished Creatures
  2 iguanas (D:4)
  4 adders
  2 worms
  2 dart slugs
  3 orcs (D:3)
  3 endoplasms
  5 giant cockroaches
  10 goblins
  5 hobgoblins
  5 quokkas
  9 ball pythons
  4 bats
  5 frilled lizards
  13 kobolds
  11 rats
  A bush (D:3)
84 creatures vanquished.

Vanquished Creatures (others)
  11 plants (D:3)
11 creatures vanquished.

Grand Total: 95 creatures vanquished

Notes
Turn   | Place    | Note
-------+----------+-------------------------------------------
     0 | D:1      | omnomnOMINOUS the Octopode Wanderer began the quest for the
                  | Orb.
     0 | D:1      | omnomnOMINOUS set off with the following items: a +0 flail,
                  | a +0 hat, a scroll of summoning; and the following spell
                  | memorised: Foxfire; and the following spells available to
                  | memorise: Kindle Blastsparks.
     0 | D:1      | Reached XP level 1. HP: 11/11 MP: 2/2
    64 | D:1      | You fall into a shaft and drop 1 floor!
   145 | D:2      | Reached XP level 2. HP: 18/18 MP: 3/3
   505 | D:1      | Reached XP level 3. HP: 22/22 MP: 5/5
   705 | D:1      | Reached skill level 1 in Conjurations
   768 | D:1      | Reached skill level 1 in Fighting
   774 | D:1      | Found a faded altar of an unknown god.
   784 | D:1      | Prayed at the altar of an unknown god.
   784 | D:1      | Became a worshipper of Ru the Awakened
   791 | D:1      | Gained mutation: You cannot study or cast Air magic. [Ru
                  | sacrifice]
   791 | D:1      | Gained mutation: You cannot study or cast Transmutations
                  | magic. [Ru sacrifice]
   791 | D:1      | Gained mutation: You cannot study or cast Conjurations
                  | magic. [Ru sacrifice]
   791 | D:1      | Reached * piety under Ru
  1455 | D:2      | Reached XP level 4. HP: 28/28 MP: 6/6
  2237 | D:3      | Found Plog's Armour Emporium.
  2323 | D:3      | Reached XP level 5. HP: 11/34 MP: 8/8
  2718 | D:4      | Found a stormy altar of Qazlal.
  2990 | D:4      | Found a sparkling altar of Nemelex Xobeh.
  2995 | D:4      | Mangled by an iguana

Illustrated notes

Levels and vault maps discovered:
D:1:      heliophobic_arrival_battle_scene, layout_loops_corners,
          hellmonk_ecumenical_altar_prayer_group, minmay_tromino_i4
D:2:      layout_loops_corners, chequers_serial_rivers_room_b, minmay_distorted
D:3:      layout_basic, serial_shops, shop, lexackson_kobold_supper
D:4:      layout_loops_ring, lemuel_doored_altar, kennysheep_vampire_church,
          mainiacjoe_overflow_six_doors_small, minmay_misc_feat_alley,
          minmay_cut_off

Skill      XL: |  1  2  3  4  5 |
---------------+----------------+-----
Conjurations   | 0 |  0.0
Fighting       | 1 2 |  2.2
Dodging        | 2 |  2.5
Spellcasting   | 2 |  2.4
Maces & Flails | |  4.7
Stealth        | |  1.3
Fire Magic     | |  2.0
Invocations    | |  1.0

Action                     |  1- 3 |  4- 6 || total
---------------------------+-------+-------++-------
  Melee: Flail             |    76 |   142 ||   218
         Constrict         |    22 |    28 ||    50
         Tentacles         |    11 |    47 ||    58
 Invoke: Sacrifice Arcana  |     1 |       ||     1
    Use: Scroll            |       |     1 ||     1
         Potion            |       |     1 ||     1
   Stab: Sleeping          |    12 |     5 ||    17
 Armour: Skin              |     8 |     3 ||    11
  Dodge: Dodged            |    53 |    56 ||   109

Table legend: (Time is in decaauts)
 A = Elapsed time spent in this place.
 B = Non-inter-level travel time spent in this place.
 C = Inter-level travel time spent in this place.
 D = Time resting spent in this place.
 E = Time spent auto-exploring this place.
 F = Levels seen in this place.
 G = Mean time per level.
                   A        B        C        D        E       F      G
               +--------+--------+--------+--------+--------+-----+--------+
         Total |   3032 |   2928 |    104 |      0 |   2364 |   4 |  758.0 |
       Dungeon |   3032 |   2928 |    104 |      0 |   2364 |   4 |  758.0 |
               +--------+--------+--------+--------+--------+-----+--------+

Top non-repeatable levels by time:
     D:1: 1031 daAuts
     D:3: 857 daAuts
     D:2: 847 daAuts
     D:4: 295 daAuts
